cohdb
Replays
Latest Replays
All Replays
Popular Replays
Top Player Replays
Match Explorer
How It Works
Community
CoH3 Stats
Reddit
Sign in to upload your games and track your stats! →
Sign in with Steam
Match 41570322
Unlisted
Match 41570322
Overview
Messages
Build Orders
End
Kradschützen Motorcycle Team
Panzergrenadier Squad
Panzergrenadier Squad
Panzergrenadier Squad
Construct Light Support Kompanie
2.5-tonne Medical Truck
Fire Support Elements
Flakvierling Half-track
Vehicle Survival Package
Selects Panzerjäger Kommand Battlegroup
Selects Mine Fields
Selects Defensive Positions
Tungsten Core Ammunition
Construct Panzerarmee Kommand
Selects Butterfly Bomb Drop
Butterfly Bomb Drop
Pak 38 Mechanized Group
Emergency Repair Kits
Butterfly Bomb Drop
Walking Stuka Rocket Launcher
Rapid Advance
Butterfly Bomb Drop
Selects Tank Busters
Selects Crew Shock Tactics
Panzer III L Medium Tank
Panzer III L Medium Tank
Panzer III L Medium Tank
Advanced Optics
Selects Elefant Tank Destroyer
Veteran Squad Leaders
Samar
AZIBIN
七杆大长枪
CPU-Leisure
Random_Target
JohnstyPonst
Turtleboy
4-in-1 Petrol lawnmower
0
0
Comments
sign in to comment!
No comments posted yet!